 Dungeon Crawl Stone Soup version 0.31-a0-1576-ga3383bade6 (webtiles) character file.

Game seed: 11801544200932792873

3327 gelatine the Sneak (level 9, -4/64 HPs)
             Began as a Demonspawn Alchemist on Jan 5, 2024.
             Slain by Gastronok (33 damage)
             ... on level 8 of the Dungeon.
             The game lasted 00:21:33 (7046 turns).

gelatine the Sneak (Demonspawn Alchemist)           Turns: 7046, Time: 00:21:34

Health: -4/64      AC: 11    Str: 10    XL:     9   Next: 71%
Magic:  8/16       EV: 16    Int: 19    God:
Gold:   395        SH:  0    Dex: 19    Spells: 7/17 levels left

rFire   . . .        x - +1 dagger "Gullaohi" {pain, rElec rC- rN++ rCorr}
rCold   x . .        (no shield)
rNeg    + + .        M - +0 steam dragon scales
rPois   .            (no helmet)
rElec   +            (no cloak)
rCorr   +            n - +1 pair of gloves "Zymus" {+Inv Dex+6}
SInv    +            (no boots)
Will    .....        (no amulet)
Stlth   ++++         w - ring of see invisible
HPRegen 0.30/turn    L - +4 ring of protection
MPRegen 0.15/turn

%: no passive effects
@: no status effects
A: hooves 2, repulsion field 1, powered by death 1, demonic magic 1
a: Evoke Invisibility


You were on level 8 of the Dungeon.
You visited 2 branches of the dungeon, and saw 9 of its levels.
You also visited: Ossuary.

You collected 395 gold pieces.

Inventory:

Hand Weapons
 t - a +1 dagger of speed
 x - the +1 dagger "Gullaohi" (weapon) {pain, rElec rC- rN++ rCorr}
   (You found it on level 4 of the Dungeon)

   rC-:       It makes you vulnerable to cold.
   rElec:     It insulates you from electricity.
   rN++:      It greatly protects you from negative energy.
   rCorr:     It protects you from acid and corrosion.
 G - a +0 rapier
Armour
 n - the +1 pair of gloves "Zymus" (worn) {+Inv Dex+6}
   (You found it on level 2 of the Dungeon)

   Dex+6:     It affects your dexterity (+6).
   +Inv:      It lets you turn invisible.
 M - +0 steam dragon scales (worn)
Jewellery
 d - a ring of fire
 p - a ring of magical power
 w - a ring of see invisible (left hand)
 L - a +4 ring of protection (right hand)
Talismans
 q - a dragon-blood talisman
 s - a serpent talisman
Wands
 D - a wand of paralysis (11)
 E - a wand of polymorph (23)
Scrolls
 a - a scroll of amnesia {unknown}
 f - 2 scrolls of fog
 i - 6 scrolls of noise
 j - a scroll of brand weapon {unknown}
 u - 3 scrolls of enchant weapon {unknown}
 y - 2 scrolls of acquirement {unknown}
 z - 4 scrolls of teleportation {unknown}
 C - a scroll of blinking {unknown}
 F - 2 scrolls of immolation {unknown}
 H - a scroll of poison {unknown}
 I - a scroll of torment {unknown}
 K - a scroll of identify
Potions
 b - 2 potions of magic
 c - 2 potions of haste
 e - 6 potions of degeneration
 g - 2 potions of attraction
 h - 3 potions of might
 k - 3 potions of resistance
 l - a potion of invisibility
 m - 2 potions of lignification
 o - 3 potions of brilliance
 r - 3 potions of curing
 v - 3 potions of mutation
 A - 3 potions of enlightenment
 B - a potion of heal wounds
 J - a potion of cancellation {unknown}


   Skills:
 * Level 3.5 Fighting
 * Level 3.0 Short Blades
 * Level 4.0 Dodging
 * Level 6.9 Stealth
 + Level 0.4 Unarmed Combat
 * Level 4.9 Spellcasting
 * Level 4.5 Conjurations
 * Level 3.7 Necromancy
 * Level 1.8 Air Magic
 * Level 5.4 Alchemy
 * Level 3.3 Evocations


You had 7 spell levels left.
You knew the following spells:

 Your Spells              Type           Power      Damage    Failure   Level
a - Sting                 Conj/Alch      92%        1d8       1%          1
b - Mercury Vapours       Alch/Air       36%        N/A       4%          2
c - Mephitic Cloud        Conj/Alch/Air  19%        N/A       8%          3
d - Olgreb's Toxic Radia  Alch           25%        N/A       13%         4

Your spell library contained the following spells:

 Spells                   Type           Power      Damage    Failure   Level
 Necrotise                Necr           76%        1d7       2%          1
 Foxfire                  Conj/Fire      52%        2x1d6     4%          1
 Vampiric Draining        Necr           19%        2d7       8%          3
 Apportation              Tloc           8%         N/A       13%         1
 Summon Small Mammal      Summ           16%        N/A       13%         1
 Sticky Flame             Fire/Alch      15%        2d5       38%         4
 Martyr's Knell           Necr/Summ      11%        N/A       50%         4
 Curse of Agony           Necr           19%        N/A       58%         5
 Plasma Beam              Fire/Air       4%         2x1d14    100%        6
 Starburst                Conj/Fire      6%         6d4       100%        6


Dungeon Overview and Level Annotations

Branches:
Dungeon (8/15)             Temple (1/1) D:6         Ossuary (visited)
   Lair: D:8-11

Altars:
Ashenzari
Cheibriados
Dithmenos
Fedhas
Gozag
Hepliaklqana
Kikubaaqudgha
Makhleb
Nemelex Xobeh
Okawaru
Qazlal
Ru
Sif Muna
Trog
Uskayaw
Xom
Yredelemnul

Shops:
D:4 (

Annotations:
D:7 1 runed translucent door
D:8 Gastronok


Innate Abilities, Weirdness & Mutations

You have hoof-like feet.
You are surrounded by a mild repulsion field. (EV +2)
You regenerate a little health from kills.
Spells you cast may paralyse adjacent enemies.


Message History

a +0 flail; a +0 robe Your toxic aura wanes.
Gastronok makes a strange noise.
Gastronok bites you!
The sting hits Gastronok.
Gastronok looks even sicker.
Gastronok is lightly wounded.
Malevolent energies surge around you.
The sting hits Gastronok.
Gastronok looks as sick as possible!
Gastronok is lightly wounded.
Malevolent energies surge around you. Gastronok bites you!!
Ouch! That really hurt!
* * * LOW HITPOINT WARNING * * *
You hit Gastronok. You kick Gastronok.
Gastronok is lightly wounded.
You are too injured to fight recklessly!
Casting: Sting (safe; 1% risk of failure)
Confirm with . or Enter, or press ? or * to list all spells.
Aiming: Sting (safe; 1% risk of failure)
Press: ? - help, Shift-Dir - straight line, f/p - Gastronok
Aim: Gastronok, wearing a +2 hat of stealth (moderately wounded, extremely poisoned, 100% to hit)
The sting hits Gastronok.
Gastronok looks as sick as possible!
Gastronok is moderately wounded.
Malevolent energies surge around you.
A wight comes into view. It is wielding a +3 dagger of freezing.
Gastronok bites you.
* * * LOW HITPOINT WARNING * * *
You feel much better.
Casting: Sting (safe; 1% risk of failure)
Confirm with . or Enter, or press ? or * to list all spells.
Aiming: Sting (safe; 1% risk of failure)
Press: ? - help, Shift-Dir - straight line, f/p - Gastronok
Aim: Gastronok, wearing a +2 hat of stealth (moderately wounded, extremely poisoned, 100% to hit)
The sting hits Gastronok.
Gastronok looks as sick as possible!
Gastronok is moderately wounded.
Malevolent energies surge around you.
Gastronok gurgles, "Slow down, so I can eat you."
Gastronok bites you!!
Ouch! That really hurt!
You die...
Gastronok gurgles, "Let's see if you taste as good as that wizard did."

.. .........#
.###......... .#.....z...z
# ### ........... # #[##
#.......... ## ##..##
#.......?.< .#
#....########..........
.###.##.##....).@w......w.
..#..#.....###...#........
#...##....#....###########
#.(.#####...#### ##.##
##..## #########...#
####...#...#..#
..................
######..#####.....


You could see Gastronok (extremely poisoned) and a wight.

Vanquished Creatures
  Maggie (D:8)
  A hornet (D:7)
  Eustachio (D:6)
  Edmund (D:4)
  A water moccasin (D:7)
  An orc warrior (D:7)
  2 sky beasts
  A black bear (D:5)
  2 ice beasts
  An ogre (D:6)
  3 centaurs
  A phantom (D:5)
  A kobold brigand (D:6)
  A bullfrog (D:7)
  2 scorpions
  A wight (D:8)
  2 burial acolytes (Ossuary)
  3 howler monkeys
  3 bombardier beetles
  4 hounds
  A centaur zombie (Ossuary)
  A jelly (D:6)
  3 orc priests (D:7)
  2 gnoll boudas
  A sleepcap (D:5)
  Natasha (thrice) (D:4)
  Terence (D:3)
  5 orc wizards
  A hound zombie (D:4)
  A hound skeleton (D:4)
  A scorpion simulacrum (D:4)
  4 mummies (Ossuary)
  6 gnolls
  5 adders
  A shadow imp (D:6)
  A white imp (D:7)
  2 ufetubi (D:6)
  A spectral adder (D:4)
  An adder zombie (D:4)
  An adder skeleton (D:4)
  2 ribbon worms
  2 dart slugs (D:1)
  17 orcs
  5 bats
  2 endoplasms
  3 giant cockroaches
  A gnoll zombie (Ossuary)
  6 goblins
  8 hobgoblins
  4 kobolds
  5 quokkas
  6 ball pythons
  4 frilled lizards
  3 kobold zombies (Ossuary)
  3 orc zombies (Ossuary)
  11 rats
  2 rat zombies (D:4)
159 creatures vanquished.

Notes
Turn   | Place    | Note
-------+----------+-------------------------------------------
     0 | D:1      | gelatine the Demonspawn Alchemist began the quest for the
                  | Orb.
     0 | D:1      | Reached XP level 1. HP: 13/13 MP: 3/3
   186 | D:1      | Gained mutation: You regenerate a little health from kills.
                  | [demonic ancestry]
   186 | D:1      | Reached XP level 2. HP: 20/20 MP: 0/5
   843 | D:1      | Found a faded altar of an unknown god.
  1162 | D:2      | Gained mutation: Spells you cast may paralyse adjacent
                  | enemies. [demonic ancestry]
  1162 | D:2      | Reached XP level 3. HP: 25/25 MP: 4/6
  1315 | D:2      | Identified the +1 pair of gloves "Zymus" {+Inv Dex+6}
  2239 | D:3      | Noticed Terence
  2253 | D:3      | Killed Terence
  2254 | D:3      | Reached skill level 2 in Stealth
  2254 | D:3      | Gained mutation: You are surrounded by a mild repulsion
                  | field. (EV +2) [demonic ancestry]
  2254 | D:3      | Reached XP level 4. HP: 17/31 MP: 2/7
  2782 | D:4      | Reached skill level 1 in Fighting
  2951 | D:4      | Noticed Natasha
  2962 | D:4      | Killed Natasha
  2963 | D:4      | Reached XP level 5. HP: 37/37 MP: 9/9
  2965 | D:4      | Reached skill level 3 in Stealth
  3053 | D:4      | Noticed Natasha
  3067 | D:4      | Killed Natasha
  3075 | D:4      | Identified the +1 dagger "Gullaohi" {pain, rElec rC- rN++
                  | rCorr}
  3288 | D:4      | Noticed Edmund
  3310 | D:4      | Found a sand-covered staircase.
  3317 | Ossuary  | Entered an ossuary
  3339 | Ossuary  | Reached XP level 6. HP: 43/43 MP: 10/10
  3581 | Ossuary  | Reached skill level 1 in Evocations
  3679 | Ossuary  | Reached skill level 1 in Short Blades
  3679 | Ossuary  | Reached skill level 1 in Necromancy
  3814 | D:4      | Killed Edmund
  3815 | D:4      | Reached skill level 4 in Stealth
  3815 | D:4      | Reached XP level 7. HP: 44/49 MP: 11/11
  4381 | D:4      | Noticed Natasha
  4386 | D:4      | Killed Natasha
  4413 | D:4      | Found Giudir's Antique Weapon Shoppe.
  4541 | D:5      | Entered Level 5 of the Dungeon
  4791 | D:5      | Found a sacrificial altar of Ru.
  4854 | D:5      | Found a snail-covered altar of Cheibriados.
  4953 | D:5      | Found a sparkling altar of Nemelex Xobeh.
  5109 | D:5      | Found a bloodstained altar of Trog.
  5179 | D:5      | Gained mutation: You have large cloven feet. [demonic
                  | ancestry]
  5179 | D:5      | Reached XP level 8. HP: 48/56 MP: 13/13
  5371 | D:5      | Learned a level 2 spell: Mercury Vapours
  5375 | D:5      | Learned a level 3 spell: Mephitic Cloud
  5380 | D:5      | Learned a level 4 spell: Olgreb's Toxic Radiance
  5398 | D:6      | Found a staircase to the Ecumenical Temple.
  5403 | D:6      | Reached skill level 5 in Stealth
  5418 | Temple   | Entered the Ecumenical Temple
  5662 | D:6      | Found a hazy altar of Hepliaklqana.
  5903 | D:6      | Noticed Eustachio
  5908 | D:6      | Killed Eustachio
  5942 | D:7      | Noticed a sixfirhy
  5942 | D:7      | Found a runed translucent door.
  6035 | D:7      | Reached skill level 6 in Stealth
  6067 | D:7      | Gained mutation: You have hoof-like feet. [demonic
                  | ancestry]
  6067 | D:7      | Reached XP level 9. HP: 62/62 MP: 15/15
  6283 | D:7      | Reached skill level 5 in Alchemy
  6352 | D:7      | Reached skill level 1 in Air Magic
  6400 | D:7      | Found a shimmering blue altar of Sif Muna.
  6531 | D:7      | Found a burning altar of Makhleb.
  6583 | D:7      | Found a basalt altar of Yredelemnul.
  6618 | D:7      | Found a stormy altar of Qazlal.
  6737 | D:8      | Noticed Maggie
  6744 | D:8      | Killed Maggie
  7022 | D:8      | Noticed Gastronok
  7046 | D:8      | Slain by Gastronok

Illustrated notes

Levels and vault maps discovered:
D:1:      dpeg_arrival_more_subterranean_lakeside_camping, layout_basic,
          hellmonk_ecumenical_altar_prayer_group, st_stairs_2
D:2:      layout_basic, due_unseen_surprise
D:3:      layout_loops_ring, minmay_misc_feat_four_crosses, uniq_terence
D:4:      layout_basic, enter_ossuary_4, serial_shops, shop,
          dilly_guarded_unrand_morg, uniq_edmund
D:5:      layout_rooms, trog_butcher_becter, lemuel_doored_altar,
          nemelex_spade_bored_becter, amcnicky_altar_gilded,
          minmay_quadrilaterals
D:6:      layout_basic, lemuel_round_altar, temple_fountains, grunt_decor_cap,
          uniq_eustachio
D:7:      cheibrodos_shockbox, layout_rooms, kennysheep_ying_yang,
          kennysheep_mini_moat, mainiacjoe_overflow_alcove_1,
          mainiacjoe_overflow_chevrons, minmay_misc_feat_columns
D:8:      layout_rooms, serial_curves, eino_curves_03, eino_curves_02,
          uniq_gastronok, uniq_jeremiah, uniq_prince_ribbit1, uniq_maggie
Temple:   nicolae_temple_cloud_nine

Skill      XL: |  1  2  3  4  5  6  7  8  9 |
---------------+----------------------------+-----
Dodging        | 2 3 4 |  4.0
Stealth        | 2 3 4 6 |  6.9
Fighting       | 1 2 3 |  3.5
Conjurations   | 2 3 4 |  4.5
Spellcasting   | 3 4 |  4.9
Evocations     | 1 2 3 |  3.3
Short Blades   | 1 2 3 |  3.0
Necromancy     | 1 2 3 |  3.7
Alchemy        | 4 5 |  5.4
Air Magic      | 1 |  1.8
Unarmed Combat | |  0.4

Action                     |  1- 3 |  4- 6 |  7- 9 || total
---------------------------+-------+-------+-------++-------
  Melee: Unarmed           |    26 |       |       ||    26
         Punch             |     1 |       |     1 ||     2
         Dagger            |     8 |    56 |    76 ||   140
         Kick              |       |       |     6 ||     6
   Cast: Sting             |    72 |    95 |   186 ||   353
         Olgreb's Toxic Ra |       |       |     4 ||     4
         Mephitic Cloud    |       |       |     1 ||     1
    Use: Scroll            |       |       |     8 ||     8
         Potion            |       |       |     5 ||     5
   Stab: Paralysed         |     7 |    30 |    45 ||    82
         Sleeping          |       |       |     5 ||     5
         Confused          |       |       |     1 ||     1
 Armour: Robe              |    15 |    28 |    40 ||    83
         Steam dragon scal |       |       |     6 ||     6
  Dodge: Dodged            |    20 |    55 |    83 ||   158

Table legend: (Time is in decaauts)
 A = Elapsed time spent in this place.
 B = Non-inter-level travel time spent in this place.
 C = Inter-level travel time spent in this place.
 D = Time resting spent in this place.
 E = Time spent auto-exploring this place.
 F = Levels seen in this place.
 G = Mean time per level.
                   A        B        C        D        E       F      G
               +--------+--------+--------+--------+--------+-----+--------+
         Total |   7021 |   6846 |    175 |      0 |   5613 |  10 |  702.1 |
       Dungeon |   6529 |   6354 |    175 |      0 |   5241 |   8 |  816.1 |
        Temple |      1 |      1 |      0 |      0 |      0 |   1 |    1.0 |
       Ossuary |    490 |    490 |      0 |      0 |    372 |   1 |  490.0 |
               +--------+--------+--------+--------+--------+-----+--------+

Top non-repeatable levels by time:
     D:4: 1265 daAuts
     D:1: 1087 daAuts
     D:2: 937 daAuts
     D:5: 855 daAuts
     D:7: 752 daAuts
     D:3: 744 daAuts
     D:6: 541 daAuts
 Ossuary: 490 daAuts
     D:8: 346 daAuts
  Temple: 1 daAuts
